AoeStats
← Barón de la Cerveza

Hideout

509225452Analyzed
1v1 RM · 6d ago on Sep 26, 2026· 47m 53s· 2 players
Game mode
Random Map
Map size
Tiny (2 player)
Population
200
Speed
Normal
Resources
Standard
Victory
Conquest
Starting age
Dark Age
Ending age
Imperial Age
RankedLock teamsTeams togetherTeam positionsShared explorationLock speedFull tech treeHidden civsTurbo modeCheats
Victory
Defeat
🇲🇽 Khmer · Mexico
1854
+12
🇵🇪 Saxons · Peru
1768
-12
LE | Dia franptom
8:16 Loom
10:29 Feudal Age
14:46 Castle Age
13:48 Double-Bit Axe
13:44 Horse Collar
17:13 Loom
18:22 Bow Saw
19:57 Wheelbarrow
21:45 Scale Mail Armor
23:49 Squires
25:41 Heavy Plow
29:36 Chain Mail Armor
30:42 Sanctity
31:29 Fletching
39:01 Imperial Age
41:10 Pikeman
44:13 Plate Mail Armor
46:02 Shield Wall
47:49 Hoardings
Barón de la Cerveza
9:20 Feudal Age
12:59 Castle Age
12:00 Horse Collar
12:31 Double-Bit Axe
14:10 Bow Saw
28:15 Imperial Age
26:22 Loom
27:12 Wheelbarrow
27:08 Gold Mining
27:09 Stone Mining
27:26 Heavy Plow
28:32 Bloodlines
28:22 Husbandry
29:24 Conscription
29:09 Light Cavalry
30:05 Scale Barding Armor
32:59 Hand Cart
33:10 Town Watch
34:24 Hoardings
33:12 Elite Ballista Elephant
36:04 Siege Engineers
36:42 Chain Barding Armor
36:33 Forging
37:24 Ballistics
38:07 Plate Barding Armor
42:06 Double Crossbow
44:01 Iron Casting
44:13 Gold Shaft Mining
44:13 Stone Shaft Mining
44:13 Capped Ram
44:16 Hussar
48:17 Chemistry
47:28 Masonry
Connection lost

Rejoining the realm…

Still unreachable

The connection could not be restored.

Session expired

The server has moved on; the page needs a fresh start.